General information
- name: BNet
- type: Ladder team game (AT/RT)
- host: Battle.net
- saver: RoadWarz
map: Mur'gulOasis
- players: 8
- length: 39:09
- speed: Fast
- version: 1.28 W3XP
- replay type: Public
» download(309 KB)
Players
team 1 (loser)

»
Delroy (
red | 50 APM | 1943 actions | 39:09)
5 Death Knight
3 Death Coil
2 Unholy Aura
5 Lich
2 Frost Armor
3 Frost Nova
3 Dreadlord
1 Sleep
2 Carrion Swarm
» actions
| Assign group hotkey | 1 | |
| Basic commands | 97 | |
| Build / train | 77 | |
| ESC pressed | 1 | |
| Enter build submenu | 28 | |
| Enter hero's abilities submenu | 15 | |
| Remove unit from queue | 1 | |
| Right click | 1141 | |
| Select / deselect | 492 | |
| Use ability | 90 | |
1943 total
» units
| Acolyte | 16 | |
| Ghoul | 3 | |
| Crypt Fiend | 13 | |
| Frost Wyrm | 5 | |
37 total
» upgrades
| Creature Attack | 2 | |
| Creature Carapace | 2 | |
| Web | 1 | |
| Freezing Breath | 1 | |
6 total
» buildings
| Crypt | 1 | |
| Ziggurat | 12 | |
| Graveyard | 1 | |
| Altar of Darkness | 2 | |
| Tomb of Relics | 1 | |
| Halls of the Dead | 1 | |
| Black Citadel | 1 | |
| Sacrificial Pit | 1 | |
| Boneyard | 3 | |
| Spirit Tower | 3 | |
| Necropolis | 1 | |
27 total
» build order
00:13 Crypt
00:21 Ziggurat
00:25 Ziggurat
00:51 Graveyard
00:58 Altar of Darkness
01:01 Ziggurat
01:47 Ziggurat
01:57 Tomb of Relics
04:21 Ziggurat
05:07 Halls of the Dead
07:51 Black Citadel
07:56 Sacrificial Pit
11:41 Boneyard
11:42 Boneyard
11:43 Boneyard
12:15 Spirit Tower
12:16 Spirit Tower
12:18 Spirit Tower
13:22 Ziggurat
13:24 Ziggurat
13:27 Ziggurat
23:20 Necropolis
25:05 Ziggurat
25:06 Ziggurat
27:10 Altar of Darkness
27:13 Ziggurat
27:19 Ziggurat
» items
| Rod of Necromancy | 3 | |
| Scroll of Town Portal | 2 | |
| Orb of Corruption | 1 | |
6 total
Chad_Chadwick (
yellow | 37 APM | 613 actions | 16:44)
3 Blademaster
2 Wind Walk
1 Critical Strike
2 Naga Sea Witch
1 Frost Arrows
1 Forked Lightning
1 Dark Ranger
1 Black Arrow
» actions
| Assign group hotkey | 16 | |
| Build / train | 38 | |
| Enter build submenu | 13 | |
| Enter hero's abilities submenu | 6 | |
| Right click | 310 | |
| Select / deselect | 128 | |
| Select group hotkey | 62 | |
| Use ability | 40 | |
613 total
» units
| Peon | 6 | |
| Grunt | 7 | |
| Shaman | 2 | |
| Tauren | 1 | |
16 total
» upgrades
| Berserker Strength | 1 | |
| Armor | 1 | |
| Melee Weapons | 1 | |
| Shaman Training | 2 | |
| Reinforced Defenses | 1 | |
| Spiked Barricades | 1 | |
7 total
» buildings
| Altar of Storms | 1 | |
| Orc Burrow | 8 | |
| Barracks | 1 | |
| Voodoo Lounge | 1 | |
| Stronghold | 1 | |
| War Mill | 1 | |
| Fortress | 1 | |
| Spirit Lodge | 1 | |
| Tauren Totem | 1 | |
16 total
» build order
00:28 Altar of Storms
00:33 Orc Burrow
01:23 Barracks
01:42 Voodoo Lounge
02:10 Orc Burrow
03:49 Stronghold
05:07 War Mill
05:40 Orc Burrow
06:15 Fortress
06:23 Spirit Lodge
08:20 Orc Burrow
09:01 Tauren Totem
12:49 Orc Burrow
12:49 Orc Burrow
12:53 Orc Burrow
12:53 Orc Burrow
» items
| Scroll of Speed | 2 | |
| Healing Salve | 1 | |
| Lesser Clarity Potion | 1 | |
4 total
RoadWarz (
purple | 54 APM | 2100 actions | 39:09)
8 Blademaster
3 Wind Walk
3 Critical Strike
1 Bladestorm
1 Mirror Image
» actions
| Assign group hotkey | 32 | |
| Basic commands | 71 | |
| Build / train | 83 | |
| Enter build submenu | 51 | |
| Enter hero's abilities submenu | 8 | |
| Give item / drop item | 18 | |
| Right click | 1070 | |
| Select / deselect | 412 | |
| Select group hotkey | 187 | |
| Use ability | 168 | |
2100 total
» units
| Peon | 28 | |
| Grunt | 5 | |
| Troll Batrider | 15 | |
48 total
» upgrades
| Liquid Fire | 1 | |
| Ranged Weapons | 2 | |
| Reinforced Defenses | 1 | |
| Armor | 2 | |
6 total
» buildings
| Orc Burrow | 4 | |
| Altar of Storms | 1 | |
| Barracks | 1 | |
| Voodoo Lounge | 2 | |
| Stronghold | 1 | |
| Fortress | 1 | |
| War Mill | 2 | |
| Beastiary | 2 | |
| Watch Tower | 34 | |
| Great Hall | 2 | |
50 total
» build order
00:23 Orc Burrow
01:02 Altar of Storms
01:07 Barracks
01:14 Orc Burrow
01:43 Voodoo Lounge
01:49 Voodoo Lounge
02:53 Stronghold
05:24 Fortress
05:35 War Mill
05:36 Orc Burrow
06:06 Beastiary
06:07 Beastiary
06:10 Orc Burrow
10:24 Watch Tower
10:24 Watch Tower
10:26 Watch Tower
10:29 Watch Tower
10:29 Watch Tower
10:33 Watch Tower
10:37 Watch Tower
16:51 Great Hall
16:53 Watch Tower
16:53 Watch Tower
16:53 Watch Tower
16:54 Watch Tower
16:59 Watch Tower
17:01 Watch Tower
18:12 Watch Tower
18:12 Watch Tower
18:13 Watch Tower
18:14 Watch Tower
18:14 Watch Tower
18:15 Watch Tower
21:28 Great Hall
22:35 Watch Tower
22:42 Watch Tower
22:42 Watch Tower
22:44 Watch Tower
22:46 Watch Tower
22:47 Watch Tower
23:33 Watch Tower
23:34 Watch Tower
23:34 Watch Tower
23:34 Watch Tower
26:00 Watch Tower
26:02 Watch Tower
26:04 Watch Tower
26:07 Watch Tower
26:11 Watch Tower
30:38 War Mill
» items
| Healing Salve | 5 | |
| Potion of Healing | 3 | |
| Orb of Lightning | 1 | |
| Staff of Teleportation | 2 | |
| Lesser Clarity Potion | 3 | |
| Scroll of Town Portal | 3 | |
| Tiny Great Hall | 1 | |
18 total

»
BudLight247 (
teal | 30 APM | 479 actions | 16:04)
3 Blademaster
1 Wind Walk
2 Critical Strike
2 Shadow Hunter
1 Healing Wave
1 Hex
» actions
| Build / train | 31 | |
| Enter build submenu | 13 | |
| Enter hero's abilities submenu | 5 | |
| Give item / drop item | 2 | |
| Right click | 235 | |
| Select / deselect | 141 | |
| Use ability | 52 | |
479 total
» units
» buildings
| Altar of Storms | 1 | |
| Orc Burrow | 6 | |
| War Mill | 1 | |
| Voodoo Lounge | 1 | |
| Stronghold | 1 | |
| Watch Tower | 2 | |
| Beastiary | 2 | |
| Fortress | 1 | |
15 total
» build order
00:11 Altar of Storms
00:22 Orc Burrow
00:40 War Mill
01:19 Voodoo Lounge
03:52 Stronghold
03:55 Orc Burrow
03:58 Watch Tower
04:01 Watch Tower
05:12 Orc Burrow
06:18 Beastiary
06:24 Beastiary
06:28 Fortress
06:37 Orc Burrow
08:24 Orc Burrow
11:47 Orc Burrow
» items
| Healing Salve | 3 | |
| Lesser Clarity Potion | 2 | |
| Scroll of Town Portal | 2 | |
| Potion of Healing | 1 | |
| Orb of Lightning | 1 | |
9 total
team 2 (winner)

»
guardmanjaq (
orange | 28 APM | 1077 actions | 39:09)
5 Dark Ranger
2 Black Arrow
3 Silence
3 Death Knight
2 Death Coil
1 Unholy Aura
» actions
| Basic commands | 489 | |
| Build / train | 69 | |
| ESC pressed | 17 | |
| Enter build submenu | 16 | |
| Enter hero's abilities submenu | 9 | |
| Give item / drop item | 1 | |
| Remove unit from queue | 2 | |
| Right click | 12 | |
| Select / deselect | 382 | |
| Use ability | 78 | |
1077 total
» units
| Acolyte | 17 | |
| Ghoul | 3 | |
| Crypt Fiend | 10 | |
| Obsidian Statue | 5 | |
35 total
» upgrades
| Creature Attack | 3 | |
| Creature Carapace | 3 | |
| Web | 1 | |
7 total
» buildings
| Altar of Darkness | 1 | |
| Crypt | 1 | |
| Ziggurat | 6 | |
| Graveyard | 1 | |
| Tomb of Relics | 1 | |
| Nerubian Tower | 1 | |
| Halls of the Dead | 1 | |
| Slaughterhouse | 1 | |
| Black Citadel | 1 | |
| Spirit Tower | 2 | |
16 total
» build order
00:23 Altar of Darkness
00:27 Crypt
00:35 Ziggurat
01:09 Graveyard
01:23 Tomb of Relics
01:59 Ziggurat
02:08 Nerubian Tower
05:13 Ziggurat
06:12 Halls of the Dead
06:51 Ziggurat
08:44 Slaughterhouse
10:06 Ziggurat
10:08 Black Citadel
13:01 Spirit Tower
13:29 Spirit Tower
22:43 Ziggurat
» items
| Dust of Appearance | 1 | |
| Rod of Necromancy | 1 | |
| Scroll of Town Portal | 6 | |
| Potion of Healing | 1 | |
| Orb of Corruption | 1 | |
10 total
J0DyHiGhR0LlEr (
blue | 59 APM | 1637 actions | 27:33)
5 Far Seer
3 Feral Spirit
2 Chain Lighting
2 Shadow Hunter
1 Healing Wave
1 Hex
» actions
| Assign group hotkey | 40 | |
| Basic commands | 3 | |
| Build / train | 67 | |
| ESC pressed | 2 | |
| Enter build submenu | 33 | |
| Enter hero's abilities submenu | 7 | |
| Remove unit from queue | 1 | |
| Right click | 343 | |
| Select / deselect | 330 | |
| Select group hotkey | 722 | |
| Use ability | 89 | |
1637 total
» units
| Peon | 14 | |
| Grunt | 4 | |
| Troll Headhunter/Berserker | 1 | |
| Shaman | 7 | |
| Tauren | 8 | |
| Spirit Walker | 1 | |
35 total
» upgrades
| Pillage | 1 | |
| Armor | 3 | |
| Berserker Strength | 1 | |
| Shaman Training | 2 | |
| Melee Weapons | 2 | |
| Reinforced Defenses | 1 | |
| Spiked Barricades | 2 | |
| Spirit Walker Training | 2 | |
| Pulverize | 1 | |
15 total
» buildings
| Altar of Storms | 1 | |
| Orc Burrow | 8 | |
| War Mill | 1 | |
| Barracks | 2 | |
| Watch Tower | 11 | |
| Voodoo Lounge | 2 | |
| Stronghold | 2 | |
| Fortress | 1 | |
| Spirit Lodge | 1 | |
| Tauren Totem | 2 | |
| Great Hall | 1 | |
32 total
» build order
00:07 Altar of Storms
00:16 Orc Burrow
00:52 War Mill
01:23 Barracks
01:49 Orc Burrow
02:18 Watch Tower
02:57 Voodoo Lounge
03:24 Barracks
04:14 Stronghold
04:14 Stronghold
04:59 Orc Burrow
05:20 Orc Burrow
06:43 Fortress
06:49 Spirit Lodge
08:11 Watch Tower
10:12 Tauren Totem
10:14 Tauren Totem
10:37 Watch Tower
10:41 Watch Tower
11:13 Watch Tower
11:31 Orc Burrow
11:53 Orc Burrow
12:22 Orc Burrow
12:41 Watch Tower
12:44 Watch Tower
12:53 Watch Tower
12:56 Watch Tower
13:55 Watch Tower
14:16 Voodoo Lounge
18:08 Watch Tower
22:51 Orc Burrow
25:07 Great Hall
» items
| Healing Salve | 1 | |
| Scroll of Town Portal | 2 | |
| Potion of Lesser Invulnerability | 1 | |
4 total

»
DeathByStealth_ (
green | 30 APM | 835 actions | 28:16)
6 Death Knight
3 Death Coil
2 Unholy Aura
1 Animate Dead
4 Lich
2 Frost Nova
2 Frost Armor
» actions
| Basic commands | 3 | |
| Build / train | 51 | |
| Enter build submenu | 15 | |
| Enter hero's abilities submenu | 10 | |
| Right click | 476 | |
| Select / deselect | 228 | |
| Use ability | 52 | |
835 total
» units
| Acolyte | 5 | |
| Ghoul | 3 | |
| Crypt Fiend | 6 | |
| Frost Wyrm | 7 | |
21 total
» upgrades
| Web | 1 | |
| Creature Attack | 2 | |
| Creature Carapace | 3 | |
| Freezing Breath | 1 | |
7 total
» buildings
| Ziggurat | 7 | |
| Crypt | 1 | |
| Graveyard | 1 | |
| Altar of Darkness | 1 | |
| Tomb of Relics | 2 | |
| Nerubian Tower | 1 | |
| Halls of the Dead | 1 | |
| Spirit Tower | 3 | |
| Black Citadel | 1 | |
| Sacrificial Pit | 1 | |
| Boneyard | 2 | |
21 total
» build order
00:19 Ziggurat
00:30 Crypt
00:43 Graveyard
01:03 Altar of Darkness
01:21 Ziggurat
01:32 Tomb of Relics
01:55 Tomb of Relics
02:37 Nerubian Tower
04:07 Halls of the Dead
05:24 Ziggurat
05:26 Spirit Tower
06:41 Black Citadel
07:30 Sacrificial Pit
07:51 Ziggurat
09:03 Boneyard
09:07 Boneyard
10:35 Ziggurat
14:26 Spirit Tower
16:15 Ziggurat
17:29 Ziggurat
20:09 Spirit Tower
» items
| Rod of Necromancy | 1 | |
| Dust of Appearance | 2 | |
| Scroll of Town Portal | 1 | |
| Orb of Corruption | 1 | |
5 total
TaKang (
pink | 88 APM | 3432 actions | 39:07)
4 Archmage
2 Summon Water Elemental
2 Brilliance Aura
4 Mountain King
2 Storm Bolt
2 Bash
» actions
| Assign group hotkey | 64 | |
| Basic commands | 333 | |
| Build / train | 139 | |
| ESC pressed | 3 | |
| Enter build submenu | 41 | |
| Enter hero's abilities submenu | 8 | |
| Give item / drop item | 14 | |
| Right click | 973 | |
| Select / deselect | 509 | |
| Select group hotkey | 1170 | |
| Use ability | 178 | |
3432 total
» units
| Peasant | 12 | |
| Footman | 4 | |
| Rifleman | 5 | |
| Gryphon Rider | 10 | |
| Dragonhawk Rider | 4 | |
35 total
» upgrades
| Gunpowder | 2 | |
| Armor | 3 | |
| Long Rifles | 1 | |
| Masonry | 3 | |
| Swords | 3 | |
| Animal War Training | 1 | |
| Cloud | 1 | |
| Storm Hammers | 1 | |
| Lumber Harvesting | 1 | |
| Plating | 1 | |
17 total
» buildings
| Farm | 11 | |
| Barracks | 1 | |
| Altar of Kings | 1 | |
| Keep | 3 | |
| Arcane Vault | 1 | |
| Blacksmith | 1 | |
| Lumber Mill | 1 | |
| Scout Tower | 22 | |
| Guard Tower | 31 | |
| Castle | 2 | |
| Town Hall | 1 | |
| Gryphon Aviary | 2 | |
77 total
» build order
01:10 Farm
01:21 Barracks
01:23 Altar of Kings
01:25 Farm
01:28 Farm
03:17 Farm
03:24 Keep
03:24 Keep
03:24 Keep
03:26 Farm
04:34 Arcane Vault
04:47 Blacksmith
04:56 Lumber Mill
05:42 Scout Tower
05:44 Scout Tower
06:08 Guard Tower
06:08 Guard Tower
06:08 Guard Tower
06:11 Guard Tower
06:12 Guard Tower
06:14 Guard Tower
06:14 Guard Tower
06:14 Guard Tower
06:30 Farm
08:52 Castle
08:52 Castle
09:47 Farm
09:50 Scout Tower
09:53 Scout Tower
10:45 Guard Tower
10:45 Guard Tower
14:13 Town Hall
14:16 Scout Tower
14:17 Scout Tower
14:18 Scout Tower
14:21 Scout Tower
14:30 Scout Tower
14:33 Scout Tower
14:34 Scout Tower
14:36 Scout Tower
14:53 Gryphon Aviary
14:57 Gryphon Aviary
15:01 Guard Tower
15:01 Guard Tower
15:02 Guard Tower
15:13 Guard Tower
15:13 Guard Tower
15:14 Guard Tower
15:15 Guard Tower
15:17 Guard Tower
15:17 Guard Tower
15:18 Guard Tower
15:20 Guard Tower
15:20 Guard Tower
15:20 Guard Tower
20:51 Farm
20:54 Farm
20:57 Scout Tower
20:59 Scout Tower
21:35 Guard Tower
21:36 Guard Tower
21:38 Scout Tower
21:42 Scout Tower
22:51 Guard Tower
22:51 Guard Tower
24:36 Farm
24:37 Farm
30:46 Scout Tower
30:47 Scout Tower
30:48 Scout Tower
30:49 Scout Tower
30:51 Scout Tower
30:56 Scout Tower
31:24 Guard Tower
31:24 Guard Tower
31:31 Guard Tower
31:31 Guard Tower
» items
| Scroll of Regeneration | 4 | |
| Mechanical Critter | 6 | |
| Ivory Tower | 1 | |
| Boots of Speed | 1 | |
| Scroll of Town Portal | 3 | |
| Staff of Sanctuary | 1 | |
| Potion of Lesser Invulnerability | 5 | |
| Periapt of Vitality | 2 | |
| Staff of Teleportation | 2 | |
25 total
Chat log
(00:06 / Allies) BudLight247: sup
(00:09 / Allies) Chad_Chadwick: yo
(00:18 / Allies) BudLight247: heros and unts?
(00:23 / Allies) Chad_Chadwick: tc sh fs
(00:29 / Allies) Delroy: 100g plz
(01:05 / Allies) Delroy: 3 orcs
(01:12 / Allies) Chad_Chadwick: fuck
(01:12 / Allies) Chad_Chadwick: bm
(01:14 / Allies) Chad_Chadwick: rass
(01:15 / Allies) Chad_Chadwick: pls
(01:19 / Allies) Chad_Chadwick: this map
(01:20 / Allies) Chad_Chadwick: perf
(01:25 / Allies) Chad_Chadwick: yes
(01:28 / Allies) Chad_Chadwick: pls
(01:35 / Allies) Chad_Chadwick: changin my whole shit up lol
(01:41 / Allies) Delroy: ty for gold.
(01:44 / Allies) Chad_Chadwick: np
(01:46 / Allies) Chad_Chadwick: pls bm
(01:49 / Allies) Chad_Chadwick: and red rod pls
(01:52 / Allies) Chad_Chadwick: late rush i guess?
(01:55 / Allies) Chad_Chadwick: see how this goes
(02:16 / Allies) Chad_Chadwick: gogogo
(02:33 / Allies) Chad_Chadwick: brt
(03:38 / Allies) Chad_Chadwick: un real
(03:40 / All) Chad_Chadwick: thru ww
(03:43 / All) Chad_Chadwick: gj
(03:49 / All) guardmanjaq: its called dust
(03:50 / All) guardmanjaq: u dingus
(03:56 / All) Chad_Chadwick: i know bud
(04:21 / All) guardmanjaq: cool, just making sure u werent one of those MH crying babies
(04:27 / All) Chad_Chadwick: dont be mad ur economy wrecked
(04:34 / All) Chad_Chadwick: lol im not it was good team play by u two
(04:39 / All) Chad_Chadwick: mh is for tru faggots.
(04:47 / All) guardmanjaq: tru
(05:07 / All) guardmanjaq: but even worse when ppl cry it when its easily explainable by something else
(05:16 / Allies) Delroy: purple u didnt harass..?
(05:20 / All) Chad_Chadwick: if u watch the pros it always is
(05:27 / Allies) Chad_Chadwick: no he did not.
(06:04 / Allies) Chad_Chadwick: illusion nice
(06:38 / Allies) Chad_Chadwick: pls
(06:43 / Allies) Chad_Chadwick: great xp n drops
(06:46 / Allies) Chad_Chadwick: all
(06:47 / Allies) Chad_Chadwick: together
(06:50 / Allies) Chad_Chadwick: that way we safe from pickoff
(06:55 / Allies) Delroy: go on then whore
(06:59 / Allies) Chad_Chadwick: heroi quick
(07:39 / Allies) Chad_Chadwick: FUCK
(07:41 / Allies) Chad_Chadwick: bad item
(07:45 / Allies) Chad_Chadwick: next
(10:01 / Allies) Delroy: teal is very bad player.
(10:10 / Allies) Chad_Chadwick: beyond
(10:18 / Allies) Chad_Chadwick: 0 micro
(10:29 / Allies) Chad_Chadwick: not over
(10:30 / Allies) Chad_Chadwick: but
(10:30 / Allies) Chad_Chadwick: is
(11:26 / Allies) Chad_Chadwick: gotta hit
(11:36 / Allies) Chad_Chadwick: teal u braught a peon.
(11:42 / Allies) RoadWarz: lumber
(11:53 / Allies) Chad_Chadwick: why
(11:58 / Allies) Chad_Chadwick: u built 70 towers
(11:59 / Allies) Delroy: gold?
(12:01 / Allies) Chad_Chadwick: theres ur lumber
(12:10 / Allies) Chad_Chadwick: brt
(12:37 / All) RoadWarz: Shiiieeet
(13:05 / Allies) Chad_Chadwick: fuycked
(13:08 / Allies) Chad_Chadwick: gotta hit
(13:10 / Allies) Chad_Chadwick: cmon
(13:12 / Allies) Chad_Chadwick: why r we sitting\
(13:14 / Allies) Delroy: lopl gg
(13:33 / Allies) Chad_Chadwick: supply stuck FUCK
(13:59 / Allies) Delroy: yellow u have 1 grunt.
(14:06 / Allies) Chad_Chadwick: ur an idiot
(14:21 / Allies) Chad_Chadwick: do u know what "supplly stuck" menas
(14:25 / Allies) Chad_Chadwick: u all came late af
(14:36 / Allies) Delroy: do you know what dumb nigger means?
(14:39 / Allies) Chad_Chadwick: its alright not all fully get the game
(15:01 / Allies) RoadWarz: tower up
(15:08 / Allies) RoadWarz: never mind you didn't upgrade buildings
(15:35 / Allies) Chad_Chadwick: teal sitting
(15:37 / Allies) Chad_Chadwick: purp sitting
(15:41 / All) TaKang: hit somewhere else asshole
(16:08 / All) TaKang: idiot
(16:39 / Allies) Chad_Chadwick: shop
(17:20 / Allies) RoadWarz: don't hit pink he's gonna tk
(17:45 / All) RoadWarz: did green have scout htere?
(17:51 / All) TaKang: nope
(17:53 / All) TaKang: went right there
(17:53 / All) RoadWarz: mher
(17:57 / All) TaKang: pretty fishy
(18:03 / All) RoadWarz: he tped to orange fast
(18:05 / All) RoadWarz: when I batted
(18:16 / All) DeathByStealth_: was going to help up top actually
(18:23 / All) RoadWarz: sure
(18:23 / All) RoadWarz: mher
(18:29 / All) RoadWarz: you made a beeline for it faggot
(18:31 / All) DeathByStealth_: ok whatever you say
(18:33 / All) DeathByStealth_: dont care
(18:40 / All) Delroy: lol green hacks
(18:47 / All) TaKang: he's an obvious hacker
(19:18 / All) TaKang: LOL
(19:20 / All) TaKang: You go right for red army
(19:24 / All) Delroy: LOL
(19:27 / All) guardmanjaq: eh, i dont want my gold anyway purp
(19:34 / All) TaKang: Totally legit green
(19:43 / All) Delroy: TK green.
(19:45 / All) Delroy: he is faggit.
(19:58 / All) DeathByStealth_: lol losers always talk shit
(20:00 / All) DeathByStealth_: hilarious
(20:07 / All) TaKang: I'm not a loser
(20:10 / All) TaKang: and I'm talking shit
(20:12 / All) TaKang: I'm on your team pal
(20:16 / All) TaKang: and I think you're an obvious hacker
(20:24 / Allies) RoadWarz: hide in your base
(20:29 / Allies) RoadWarz: pink is whipsering he's a tk
(20:31 / All) DeathByStealth_: how am i a hacker?
(21:37 / Allies) RoadWarz: back in towers
(21:45 / Allies) RoadWarz: up da towers
(23:02 / All) TaKang: HACKER DOWN
(23:06 / All) TaKang: GREEN IS MAD
(24:08 / All) TaKang: glad to be here to clean up bnet of hackers
(24:25 / All) DeathByStealth_: ROFL
(24:29 / All) TaKang: it's obvious why he hacks orange
(24:42 / All) TaKang: you "got lucky" like 5 times LOL
(25:07 / All) TaKang: you just went straight for the expo again LOL
(25:09 / All) TaKang: NOT A HACKER AT ALL
(25:22 / All) DeathByStealth_: sorry its "hacking" to check expos
(25:27 / All) DeathByStealth_: fucking dumbass
(25:30 / Allies) Delroy: coming
(25:32 / Allies) Delroy: kill that DR
(25:32 / All) TaKang: you only check it at the perfect timings
(25:38 / All) TaKang: Replay will show how obvious it is
(25:53 / All) RoadWarz: every time I make it there lawl
(25:54 / All) DeathByStealth_: theres no arguing with stupidity
(25:55 / All) RoadWarz: like instantly they get it
(26:07 / All) TaKang: that's why I'm done arguing green
(26:32 / All) DeathByStealth_: blue must hck then because he got lucky
(27:30 / All) DeathByStealth_: purp nice hack bro
(27:55 / All) TaKang: Blue hopes me and my family get cancer and die
(28:09 / All) TaKang: Green this is why you don't mh
(28:12 / All) DeathByStealth_: alright im out this is boring peace gg guys
(28:19 / All) RoadWarz: raped noob
(28:19 / All) TaKang: HACKER DOWN
(28:22 / All) Delroy: u want win?
(28:39 / All) TaKang: Standoff would be ideal here
(28:49 / All) Delroy: standoff?
(29:00 / All) TaKang: this game is tainted, only fair way for you or oj to win is for me and purp to kill everything including our own units
(29:06 / All) TaKang: and let you duke it out all night leaving your pcs on
(29:37 / All) RoadWarz: almost crit striked you to death lawl
(29:53 / All) RoadWarz: when I placed that expo
(30:08 / All) RoadWarz: it hit once and it was a crit
(30:15 / All) Delroy: u want the old mexican standoff eh?
(30:17 / All) TaKang: yeah
(30:37 / Allies) Delroy: purp where are ur bats..
(30:45 / Allies) RoadWarz: exploded them on green wy rms
(30:54 / Allies) Delroy: u never made more? lmfao
(31:00 / Allies) RoadWarz: didn't need em
(31:07 / Allies) Delroy: to kill pink lmao
(31:20 / Allies) RoadWarz: strange suggestion
(31:26 / Allies) RoadWarz: He seems to be on our side!
(31:36 / Allies) Delroy: he wants to put us in a mexican standoff
(31:39 / Allies) Delroy: dont you know what this means?
(31:48 / All) RoadWarz: Pink you want to put is in a mexican standoff?
(31:56 / All) RoadWarz: But I don't even have a revolver!
(32:05 / All) Delroy: you dont need one
(32:09 / All) Delroy: just need to leave your pc on all night
(32:14 / All) TaKang: Oj is very quiet
(32:15 / All) Delroy: longer than orange
(32:27 / All) TaKang: if either of you leave and don't stay for standoff we'll do you a solid and give you a loss
(32:32 / All) TaKang: Blizz won't fix matchmaking so we're here to
(32:41 / All) TaKang: to make sure no one goes much above 50% cuz then you can't play
(32:48 / All) Delroy: LOLOLOLOL
(32:50 / All) TaKang: From where you're kneeling it must look like an 18 karat run of bad luck
(32:55 / All) TaKang: BUT THE TRUTH IS THE GAME WAS RIGGED FROM THE START
(33:39 / All) Delroy: LOLOLOL
(33:44 / All) Delroy: is purple with you pink?
(33:49 / All) TaKang: yeah
(33:51 / All) Delroy: he seemed to suck all game
(34:00 / All) TaKang: he wasn't doing much on purpose same as me
(34:08 / All) TaKang: I brought all my rifles when my team hit green back to my base to just leech xp
(34:31 / All) Delroy: either of you know owl.bowl?
(34:41 / All) TaKang: he's our friend
(34:50 / All) TaKang: usually the 3 of us play
(34:58 / All) Delroy: hes my friend 2
(35:02 / All) Delroy: u guys are incredible
(35:11 / All) RoadWarz: HELP
(35:12 / All) RoadWarz: HELP
(35:45 / All) Delroy: i will let you guys do your standoff
(35:53 / All) Delroy: but my PC usually drops me after 1 hour of afk
(36:07 / All) TaKang: kk
(36:14 / All) TaKang: orange is probably nigerian or something he hasn't said much
(36:17 / All) TaKang: so he might drop first never know
(37:07 / All) RoadWarz: Nice cloak of flames
(37:10 / All) RoadWarz: I got one myself
(37:30 / All) TaKang: Cloak of flames is one of the coolest items
(37:49 / All) TaKang: almost forgot to buy oj some mechanical critters
(39:06 / All) TaKang: GLHF
(39:06 / All) RoadWarz: Good luck gents